 Dungeon Crawl Stone Soup version 0.19-a0-1740-g0bcaf2e (webtiles) character file.

771 Gamora the Cruncher (level 7, -3/40 HPs)
             Began as a Gargoyle Gladiator on Oct 3, 2016.
             Was an Initiate of Makhleb.
             Slain by an ice beast (14 damage)
             ... on level 6 of the Dungeon.
             The game lasted 00:09:00 (4598 turns).

Gamora the Cruncher (Gargoyle Gladiator)            Turns: 4598, Time: 00:09:01

Health: -3/40      AC: 13    Str: 19      XL:     7   Next: 83%
Magic:  7/7        EV: 11    Int:  9      God:    Makhleb [......]
Gold:   249        SH:  0    Dex: 10 (11) Spells: 0 memorised, 6 levels left

rFire  . . .     SeeInvis .     a - +0 quarterstaff
rCold  . . .     Gourm    .     b - +3 ring mail
rNeg   + . .     Faith    .     (shield currently unavailable)
rPois  ∞         Spirit   .     c - +0 helmet
rElec  +         Dismiss  .     (no cloak)
rCorr  .         Reflect  .     (no gloves)
MR     .....     Harm     .     (no boots)
Stlth  ..........               (no amulet)
                                (no ring)
                                (no ring)

@: very slightly contaminated, hasted, very quick
A: negative energy resistance 1, electricity resistance, unbreathing,
petrification resistance, rot immunity, AC +4
a: Renounce Religion


You were on level 6 of the Dungeon.
You worshipped Makhleb.
Makhleb was noncommittal.
You were not hungry.

You visited 2 branches of the dungeon, and saw 7 of its levels.

You collected 249 gold pieces.

Inventory:

Hand Weapons
 a - a +0 quarterstaff (weapon)
Missiles
 d - 2 throwing nets
 u - 46 poisoned needles
 w - 11 tomahawks (quivered)
Armour
 b - a +3 ring mail (worn)
 c - a +0 helmet (worn)
 o - a +2 scale mail of magic resistance
 A - a +0 leather armour of positive energy
Jewellery
 t - an uncursed ring of fire
Wands
 n - a wand of iceblast (9/15)
Scrolls
 e - a scroll of fog {unknown}
 j - 4 scrolls of identify {unknown}
 m - 2 scrolls of recharging {unknown}
 p - a scroll of enchant weapon {unknown}
 q - 2 scrolls of remove curse {unknown}
 r - 2 scrolls of teleportation {unknown}
 v - a scroll of fear {unknown}
 x - a scroll of immolation {unknown}
 y - 2 scrolls of magic mapping {unknown}
Potions
 h - a potion of mutation {unknown}
 i - 3 potions of curing {unknown}
 k - a potion of haste
 z - 2 potions of ambrosia {unknown}
Comestibles
 f - 4 bread rations
 g - 3 beef jerkies
 l - 5 meat rations
 s - 7 fruits
 B - 5 chunks of flesh


   Skills:
 - Level 2.1 Fighting
 + Level 9.0 Staves
 - Level 1.7 Throwing
 - Level 2.4 Dodging


You had 6 spell levels left.
You didn't know any spells.

Dungeon Overview and Level Annotations

Branches:
Dungeon (6/15)             Temple (1/1) D:5

Altars:
Ashenzari
Dithmenos
Elyvilon
Fedhas
Gozag
Hepliaklqana
Kikubaaqudgha
Makhleb
Nemelex Xobeh
Qazlal
Sif Muna
Trog
Xom
Yredelemnul
Zin
The Shining One

Annotations:
D:3 Grinder


Innate Abilities, Weirdness & Mutations

You are resistant to torment.
Your stone body is resilient. (AC +4)
You are immune to poison.
You resist negative energy. (rN+)
You are resistant to electric shocks. (rElec)
You can survive without breathing.
You are immune to petrification.
You are immune to rotting.


Message History

The ice beast is severely wounded.
You closely miss the ice beast.
The ice beast is severely wounded.
The ice beast hits you but does no damage.
You barely miss the ice beast.
The ice beast is severely wounded.
The ice beast hits you but does no damage.
You hit the ice beast.
The ice beast is severely wounded.
You barely miss the ice beast.
The ice beast is severely wounded.
The ice beast hits you but does no damage.
You closely miss the ice beast.
The ice beast is severely wounded.
You barely miss the ice beast.
The ice beast is severely wounded.
The ice beast hits you.
* * * LOW HITPOINT WARNING * * *
The ice beast freezes you!
You die...

#.........
#).....(?.
#.........
#.........
#.........
#.........
#######.........
#...†@Y.<.......
#.#####.........
##........
#........
#...!....
#.......#
##.......
##....#


You could see an ice beast.

Vanquished Creatures
  A black bear (D:4)
  A phantom (D:4)
  An ogre (D:4)
  2 hounds (D:4)
  A quasit (D:5)
  A gnoll shaman (D:5)
  Ijyb (D:2)
  An orc wizard (D:4)
  Terence (D:2)
  3 worker ants (D:4)
  A hound zombie (D:3)
  A howler monkey skeleton (D:4)
  7 gnolls
  4 adders
  2 shadow imps (D:5)
  3 worms
  3 dart slugs
  3 leopard geckos
  10 orcs
  A ball python (D:5)
  6 giant cockroaches
  7 goblins
  6 hobgoblins
  5 kobolds
  A quokka (D:3)
  4 bats
  3 frilled lizards (D:1)
  4 rats
84 creatures vanquished.

Notes
Turn   | Place    | Note
-------+----------+-------------------------------------------
     0 | D:1      | Gamora the Gargoyle Gladiator began the quest for the Orb.
     0 | D:1      | Reached XP level 1. HP: 12/12 MP: 1/1
   223 | D:1      | Reached XP level 2. HP: 17/17 MP: 2/2
   531 | D:1      | Reached skill level 4 in Staves
   642 | D:1      | Reached XP level 3. HP: 21/21 MP: 3/3
  1063 | D:2      | Noticed Ijyb
  1077 | D:2      | Killed Ijyb
  1077 | D:2      | Reached XP level 4. HP: 26/26 MP: 4/4
  1427 | D:2      | Reached skill level 5 in Staves
  1432 | D:2      | Noticed Terence
  1450 | D:2      | Killed Terence
  1514 | D:2      | Found a blossoming altar of Fedhas.
  1901 | D:3      | Reached XP level 5. HP: 30/30 MP: 5/5
  2085 | D:3      | Noticed Grinder
  2595 | D:4      | Reached skill level 6 in Staves
  2954 | D:4      | Noticed a black bear
  2963 | D:4      | Noticed a phantom
  2965 | D:4      | Killed a black bear
  2965 | D:4      | Reached skill level 7 in Staves
  2965 | D:4      | Reached XP level 6. HP: 25/35 MP: 6/6
  3006 | D:4      | Killed a phantom
  3104 | D:4      | Reached XP level 7. HP: 36/40 MP: 7/7
  3274 | D:4      | Reached skill level 8 in Staves
  3821 | D:5      | Entered Level 5 of the Dungeon
  4097 | D:5      | Found a basalt altar of Yredelemnul.
  4199 | D:5      | Found a staircase to the Ecumenical Temple.
  4215 | Temple   | Entered the Ecumenical Temple
  4266 | Temple   | Became a worshipper of Makhleb the Destroyer
  4433 | D:5      | Reached skill level 9 in Staves
  4598 | D:6      | Slain by an ice beast

Vault maps used:
D:1:      saegor_arrival_simple_e
D:2:      corner_web_ring, fedhas_altar_fruit_tree, uniq_terence, uniq_iyjb
D:3:      first_bread, uniq_grinder
D:5:      nicolae_overflow_hidden_temple, hangedman_decor_clover_reticule
D:6:      kennysheep_little_box, lemuel_crystal_altar, slow_altar_1,
          nicolae_ru_sacrificial_ziggurat, serial_shops,
          nicolae_shop_temple_entry_statues_fountains
Temple:   zaba_magenta_temple

Skill      XL: |  1  2  3  4  5  6  7 |
---------------+----------------------+-----
Staves         | 4 5 7 9 |  9.0
Fighting       | |  2.1
Throwing       | |  1.7
Dodging        | |  2.4

Action                   |  1- 3 |  4- 6 |  7- 9 || total
-------------------------+-------+-------+-------++-------
Melee: Quarterstaff      |    68 |   185 |   144 ||   397
Throw: Throwing net      |       |     1 |       ||     1
       Tomahawk          |       |       |     2 ||     2
  Use: Potion            |       |       |     1 ||     1
 Stab: Held in net/web   |       |     1 |       ||     1
  Eat: Chunk             |       |     7 |     4 ||    11
       Fruit             |       |       |     1 ||     1
Armor: Leather armour    |    13 |       |       ||    13
       Chain mail        |    18 |    64 |       ||    82
       Ring mail         |       |    35 |    61 ||    96
Dodge: Dodged            |    37 |    68 |    57 ||   162
